 Dungeon Crawl Stone Soup version 0.30-a0-989-g0d87f670db (webtiles) character file.

Game seed: 18262825017038852310

110 Maxmaps the Trooper (level 4, 0/42 HPs)
             Began as a Draconian Monk on Apr 3, 2023.
             Succumbed to an orc's poison
             ... on level 2 of the Dungeon.
             The game lasted 00:01:45 (2210 turns).

Maxmaps the Trooper (Draconian Monk)                Turns: 2210, Time: 00:01:46

Health: 0/42       AC:  5    Str: 13    XL:     4   Next: 61%
Magic:  4/4        EV: 12    Int: 13    God:
Gold:   120        SH:  4    Dex: 13    Spells: 3/3 levels left

rFire   . . .      SeeInvis .      - Unarmed
rCold   . . .      Faith    .    k - +0 buckler
rNeg    . . .      Spirit   .    (body armour unavailable)
rPois   .          Reflect  .    (helmet restricted)
rElec   .          Rampage  .    (no cloak)
rCorr   .                        (no gloves)
Will    .....                    (no boots)
Stlth   ++                       (no amulet)
HPRegen 0.27/turn                (no ring)
MPRegen 0.09/turn                (no ring)

@: lethally poisoned (0 -> -13)
A: AC +5, unfitting armour, cold-blooded
a: no special abilities


You were on level 2 of the Dungeon.
You visited 1 branch of the dungeon, and saw 3 of its levels.

You collected 120 gold pieces.

Inventory:

Missiles
 c - a throwing net (quivered)
Armour
 k - a +0 buckler (worn)
Jewellery
 q - a ring of ice
Scrolls
 b - 2 scrolls of vulnerability {unknown}
 d - 2 scrolls of enchant armour {unknown}
 f - 2 scrolls of immolation {unknown}
 g - a scroll of noise {unknown}
 l - 3 scrolls of poison {unknown}
 m - 2 scrolls of fear {unknown}
 n - a scroll of blinking {unknown}
 o - a scroll of butterflies {unknown}
 p - a scroll of teleportation {unknown}
Potions
 a - 2 potions of ambrosia
 e - 4 potions of might {unknown}
 h - a potion of lignification {unknown}
 i - a potion of mutation {unknown}
 j - 3 potions of magic {unknown}


   Skills:
 - Level 5.0 Fighting
 - Level 2.6 Dodging
 - Level 1.7 Stealth
 + Level 2.6 Shields
 - Level 3.0 Unarmed Combat


You had 3 spell levels left.
You didn't know any spells.
Your spell library contained the following spells:

 Spells                   Type           Power      Damage    Failure   Level
 Ensorcelled Hibernation  Hex/Ice        0%         N/A       52%         2
 Spider Form              Tmut/Pois      0%         N/A       77%         3
 Anguish                  Hex/Necr       0%         N/A       99%         4


Dungeon Overview and Level Annotations

Branches:
Dungeon (3/15)

Altars:
Okawaru
Uskayaw

Shops:
D:2 (


Innate Abilities, Weirdness & Mutations

Your plain brown scales are hard. (AC +5)
You cannot fit into any form of body armour.
You are cold-blooded and may be slowed by cold attacks.


Message History

You are poisoned.
You hit the hound but do no damage.
The hound is severely wounded.
You feel sick. The hound bites you but does no damage.
You hit the hound.
The hound is almost dead.
You feel sick. The hound barely misses you. You block the orc's attack.
The hound bites you but does no damage.
You barely miss the hound.
The hound is almost dead.
You feel sick. You block the hound's attack. The orc barely misses you.
The hound bites you but does no damage. The orc barely misses you.
You hit the hound but do no damage.
The hound is almost dead.
You feel sick. The hound barely misses you.
You closely miss the hound.
The hound is almost dead.
You feel sick.
You are no longer poisoned.
The hound bites you. The orc hits you but does no damage.
You are poisoned.
Found 13 gold pieces.
Found a stone staircase leading down.
You feel sick. The jackal attacks as you move away! The jackal bites you.
* * * LOW HITPOINT WARNING * * *
You feel sick.
You feel sick. The hound bites you but does no damage.
The hound closely misses you. The jackal closely misses you.
The jackal attacks as you move away!
The jackal bites you but does no damage.
The hound attacks as you move away! The hound bites you.
* * * LOW HITPOINT WARNING * * *
You feel sick. The hound attacks as you move away! The hound barely misses you.
You feel sick. The hound bites you but does no damage.
There is a stone staircase leading up here.
You feel sick. The hound misses you. The orc hits you but does no damage.
You are lethally poisoned!
The jackal bites you but does no damage.
You climb upwards.
You die...

...##...#.....##.........# ###
#.###.#.#..#############.# #..
#.# #.#.#..# ###.#.####.# #.. #.#
#.#.#..# #.....#....# #.. #.#
#.#.#..####.#.#.#.#### #.. #.#
#.#.#.......#.#.#.#########..
#.###.#.##.###......#.##.........
#.....#...........###.##.######..
#######.#).#...h@.....##.#.#.....
#.....#......#.#...###........#
#.#......#.....#.#.#####..>#..#
#........#...#.#.......#.###..#
###......#########.##.##.#.#..#
#......#.........##....#....#
#......#.############..#.#.##
#......#.# #....#.#
#......#.#############.###.#


You could see a hound.

Vanquished Creatures
  5 adders
  7 orcs (D:3)
  6 ball pythons
  6 endoplasms
  8 goblins
  2 hobgoblins
  2 jackals (D:3)
  3 kobolds
  A quokka (D:1)
  7 bats
  2 frilled lizards
  7 rats
56 creatures vanquished.

Notes
Turn   | Place    | Note
-------+----------+-------------------------------------------
     0 | D:1      | Maxmaps the Draconian Monk began the quest for the Orb.
     0 | D:1      | Reached XP level 1. HP: 19/19 MP: 1/1
   227 | D:1      | Reached XP level 2. HP: 26/27 MP: 2/2
   332 | D:1      | Reached skill level 4 in Fighting
   789 | D:2      | Reached XP level 3. HP: 17/34 MP: 3/3
   882 | D:2      | Found Manisidupp's Weapon Shop.
  1035 | D:2      | Reached skill level 5 in Fighting
  1368 | D:2      | Reached skill level 1 in Shields
  1857 | D:3      | Found an iron altar of Okawaru.
  1865 | D:3      | Reached XP level 4. HP: 42/42 MP: 4/4
  2039 | D:3      | Found a hide-covered altar of Uskayaw.
  2210 | D:2      | Succumbed to an orc's poison

Illustrated notes

Levels and vault maps discovered:
D:1:      giann_horns, layout_loops_ring, corexii_item_surrounded_by_moat
D:2:      minmay_chambers_of_ones, layout_basic, serial_shops,
          nicolae_shop_trees
D:3:      layout_basic, old_standard_altar, okawaru_metal_pillars_1_2

Skill      XL: |  1  2  3  4 |
---------------+-------------+-----
Fighting       | 4 5 |  5.0
Shields        | 1 2 |  2.6
Dodging        | |  2.6
Stealth        | |  1.7
Unarmed Combat | |  3.0

Action                     |  1- 3 |  4- 6 || total
---------------------------+-------+-------++-------
  Melee: Unarmed           |   128 |   108 ||   236
         Tailslap          |    15 |     7 ||    22
   Stab: Sleeping          |     8 |       ||     8
 Armour: Skin              |    33 |    51 ||    84
  Dodge: Dodged            |    86 |    93 ||   179
  Block: Buckler           |     5 |    25 ||    30

Table legend: (Time is in decaauts)
 A = Elapsed time spent in this place.
 B = Non-inter-level travel time spent in this place.
 C = Inter-level travel time spent in this place.
 D = Time resting spent in this place.
 E = Time spent auto-exploring this place.
 F = Levels seen in this place.
 G = Mean time per level.
                   A        B        C        D        E       F      G
               +--------+--------+--------+--------+--------+-----+--------+
         Total |   2201 |   2111 |     90 |    262 |   1397 |   3 |  733.7 |
       Dungeon |   2201 |   2111 |     90 |    262 |   1397 |   3 |  733.7 |
               +--------+--------+--------+--------+--------+-----+--------+

Top non-repeatable levels by time:
     D:2: 1066 daAuts
     D:1: 770 daAuts
     D:3: 364 daAuts
